 Dungeon Crawl Stone Soup version 0.25-a0-1130-g3926558f3a (webtiles) character file.

Game seed: 15033419370838884238, levelgen mode: deterministic

74 Lanoc the Skirmisher (level 4, -5/49 HPs)
             Began as an Ogre Berserker on May 20, 2020.
             Was a Follower of Trog.
             Slain by an orc
             ... wielding a +0 flail
              (6 damage)
             ... on level 4 of the Dungeon.
             The game lasted 00:01:48 (672 turns).

Lanoc the Skirmisher (Ogre Berserker)                Turns: 672, Time: 00:01:48

Health: -5/49      AC:  3    Str: 21    XL:     4   Next: 28%
Magic:  4/4        EV: 10    Int:  8    God:    Trog [*.....]
Gold:   36         SH:  0    Dex:  9    Spells: 3/3 levels left

rFire    . . .     SeeInvis .   a - +0 mace
rCold    . . .     Gourm    .   (no shield)
rNeg     . . .     Faith    .   b - +0 animal skin
rPois    .         Spirit   .   (helmet restricted)
rElec    .         Reflect  .   (no cloak)
rCorr    .         Harm     .   (gloves unavailable)
MR       .....                  (boots unavailable)
Stlth    +.........             (no amulet)
HPRegen  0.16/turn              (no ring)
MPRegen  0.09/turn              (no ring)

@: berserk cooldown, slowed, very slow
A: large, unfitting armour, tough skin 1
a: Berserk, Renounce Religion


You were on level 4 of the Dungeon.
You worshipped Trog.
Trog was aware of your devotion.
You were hungry.

You visited 1 branch of the dungeon, and saw 4 of its levels.

You collected 36 gold pieces.

Inventory:

Hand Weapons
 a - a +0 mace (weapon)
Armour
 b - a +0 animal skin (worn)
Scrolls
 e - a scroll of remove curse
Comestibles
 c - a ration
 d - a chunk of flesh


   Skills:
 + Level 4.7 Fighting
 * Level 3.7 Maces & Flails
 + Level 3.2 Dodging


You had 3 spell levels left.
You didn't know any spells.
Your spell library was empty.

Dungeon Overview and Level Annotations

Branches:
Dungeon (4/15)
 Temple: D:4-7

Altars:
Sif Muna


Innate Abilities, Weirdness & Mutations

You are too large for most types of armour.
You have tough skin. (AC +1)


Message History

The orc completely misses you.
As you read the scroll labeled ZITZAS NOMNUS, it crumbles to dust.
The scroll dissolves into smoke.
It was a scroll of fog.
The orc closely misses you.
As you read the scroll labeled WAT VOAKEX, it crumbles to dust.
It is a scroll of identify.
You don't have any unidentified items.
The orc barely misses you. x2
You hit the orc.
The orc is severely wounded.
The orc closely misses you.
You barely miss the orc.
The orc is severely wounded.
The orc hits you with a +0 flail.
* * * LOW HITPOINT WARNING * * *
The orc barely misses you.
You closely miss the orc.
The orc is severely wounded.
The orc hits you with a +0 flail.
You die...

#.##.....## #..###
#........# #.... ....#
####.....####... .....#
##.##..##...# .....#
###.## #......# .....#
#..## #o.....##
##....## ##.#
#oo.....###......# #.#
#o#####...#......# #.#
#@# ##..........
#.#####§# ##....$....
##.÷..§§### #.........
####.....#####.....)...
##...............%...
#.####..##...........
#.# #.###...........
### #.###...........
#..##...........


You could see 3 orcs.

Vanquished Creatures
  Jessica (D:3)
  An orc wizard (D:4)
  A dart slug (D:1)
  3 orcs (D:3)
  A giant cockroach (D:4)
  3 goblins (D:3)
  A hobgoblin (D:1)
  2 jackals (D:4)
  A bat (D:3)
  A jackal zombie (D:3)
  2 kobolds
  2 rats
19 creatures vanquished.

Notes
Turn   | Place    | Note
-------+----------+-------------------------------------------
     0 | D:1      | Lanoc the Ogre Berserker began the quest for the Orb.
     0 | D:1      | Reached XP level 1. HP: 24/24 MP: 1/1
   190 | D:3      | Reached XP level 2. HP: 32/32 MP: 2/2
   264 | D:3      | Noticed Jessica
   268 | D:3      | Killed Jessica
   268 | D:3      | Reached XP level 3. HP: 40/40 MP: 3/3
   382 | D:3      | Found a shimmering blue altar of Sif Muna.
   644 | D:4      | Reached XP level 4. HP: 21/49 MP: 4/4
   671 | D:4      | HP: 1/49 [orc/+0 flail (6)]
   672 | D:4      | Slain by an orc

Illustrated notes

Levels and vault maps discovered:
D:1:      wander_arrival_estate, layout_basic
D:2:      layout_rooms, gammafunk_temple_overflow_elements, first_ration,
          grunt_gozag_statues
D:3:      layout_basic, overflow_temple_1_default, serial_glass,
          glass_columns_b, glass_columns_a, glass_columns_a, glass_columns_a,
          glass_columns_a, uniq_jessica
D:4:      layout_layer_cave, nicolae_dithmenos_the_darkroom, serial_shops,
          nicolae_shop_trees

Skill      XL: |  1  2 |
---------------+-------+-----
Maces & Flails | 3 |  3.7
Dodging        | 3 |  3.2
Fighting       | |  4.7

Action                   |  1- 3 |  4- 6 || total
-------------------------+-------+-------++-------
Melee: Mace              |    58 |     4 ||    62
Invok: Berserk           |     2 |       ||     2
  Use: Scroll            |       |     3 ||     3
       Potion            |       |     1 ||     1
Armor: Animal skin       |    25 |       ||    25
Dodge: Dodged            |    40 |     7 ||    47

Table legend:
 A = Non-vault XP
 B = Vault XP
 C = Vault XP percentage of total XP
 D = Non-vault monster count
 E = Vault monster count
 F = Vault count percentage of total count
                 A         B        C        D         E       F
            +---------+---------+-------+---------+---------+-------
      Total |      69 |      37 |  34.9 |      18 |       1 |   5.3
            +---------+---------+-------+---------+---------+-------
        D:1 |       8 |       0 |   0.0 |       4 |       0 |   0.0
        D:3 |      20 |      37 |  64.9 |      10 |       1 |   9.1
        D:4 |      41 |       0 |   0.0 |       4 |       0 |   0.0
            +---------+---------+-------+---------+---------+-------
